 Dungeon Crawl Stone Soup version 0.30.1-11-g7821555f0a (webtiles) character file.

Game seed: 6868575338807855700

3588 Jynx the Cleaver (level 9, -2/127 HPs)
             Began as a Minotaur Fighter on Jan 10, 2024.
             Was an Elder of Makhleb.
             Slain by a yak (9 damage)
             ... on level 9 of the Dungeon.
             The game lasted 00:12:49 (6381 turns).

Jynx the Cleaver (Minotaur Fighter)                 Turns: 6381, Time: 00:12:50

Health: -2/127     AC: 13    Str: 22    XL:     9   Next: 85%
Magic:  11/11      EV:  8    Int: 12    God:    Makhleb [****..]
Gold:   594        SH:  0    Dex: 13    Spells: 8/8 levels left

rFire   + + .        L - +0 morningstar
rCold   + . .        (no shield)
rNeg    . . .        F - +2 chain mail of Eternal Night {Int+3}
rPois   +            (helmet restricted)
rElec   +            D - scarf {+Inv}
rCorr   +            r - +1 pair of gloves
SInv    .            (no boots)
Will    .....        d - amulet of regeneration Stlth
                     G - ring "Rinlog Qosma" {rPois rF+ Int+4}
HPRegen 1.21/turn    (no ring)
MPRegen 0.12/turn

%: no passive effects
@: berserking (expiring), lethally poisoned (-2 -> -3), resistant, hasted, very
quick
A: horns 2, retaliatory headbutt
a: Renounce Religion, Evoke Invisibility, Minor Destruction, Lesser Servant of
Makhleb, Major Destruction


You were on level 9 of the Dungeon.
You worshipped Makhleb.
Makhleb was greatly pleased with you.
You visited 1 branch of the dungeon, and saw 9 of its levels.
You also visited: Sewer and Ossuary.

You collected 594 gold pieces.

Inventory:

Hand Weapons
 L - a +0 morningstar (weapon)
Armour
 r - a +1 pair of gloves (worn)
 w - a +1 ring mail of cold resistance
 D - a scarf of invisibility (worn)
 F - the +2 chain mail of Eternal Night (worn) {Int+3}
   (You found it on level 5 of the Dungeon)

   Int:       It affects your intelligence (+3).
Jewellery
 d - an amulet of regeneration (around neck)
 h - a ring of ice
 G - the ring "Rinlog Qosma" (left hand) {rPois rF+ Int+4}
   (You found it on level 5 of the Dungeon)

   [ring of protection from fire]

   Int:       It affects your intelligence (+4).
   rF:        It protects you from fire.
   rPois:     It protects you from poison.
 K - a ring of ice
 M - a +6 ring of strength
 O - a ring of positive energy
Wands
 q - a wand of mindburst (10)
 v - a wand of light (4)
 y - a wand of paralysis (9)
 H - a wand of iceblast (5)
Scrolls
 b - a scroll of poison {unknown}
 e - 17 scrolls of identify {unknown}
 i - 2 scrolls of fog {unknown}
 k - 4 scrolls of noise {unknown}
 l - 8 scrolls of teleportation {unknown}
 m - 3 scrolls of brand weapon {unknown}
 n - 3 scrolls of silence {unknown}
 p - 2 scrolls of enchant weapon {unknown}
 s - 2 scrolls of enchant armour {unknown}
 t - 4 scrolls of torment {unknown}
 x - 3 scrolls of fear {unknown}
 A - 2 scrolls of magic mapping {unknown}
 B - 2 scrolls of immolation {unknown}
 I - 2 scrolls of blinking {unknown}
 J - a scroll of acquirement {unknown}
 N - a scroll of summoning {unknown}
Potions
 a - a potion of attraction {unknown}
 c - a potion of berserk rage
 f - 2 potions of resistance
 g - 2 potions of invisibility
 j - 5 potions of heal wounds {unknown}
 o - 2 potions of curing {unknown}
 u - 2 potions of brilliance {unknown}
 z - 3 potions of haste
 C - a potion of lignification {unknown}
 E - 6 potions of flight


   Skills:
 + Level 9.6 Fighting
 - Level 11.7(12.2) Axes
 * Level 5.1(9.2) Maces & Flails
 + Level 4.6 Armour
 - Level 3.6 Shields
 + Level 4.8 Invocations


You had 8 spell levels left.
You didn't know any spells.
Your spell library contained the following spells:

 Spells                   Type           Power      Damage    Failure   Level
 Ensorcelled Hibernation  Hex/Ice        0%         N/A       97%         2
 Passwall                 Tmut/Erth      0%         N/A       97%         2
 Swiftness                Air            0%         N/A       99%         3
 Summon Lightning Spire   Summ/Air       0%         N/A       100%        4
 Storm Form               Tmut/Air       0%         N/A       100%        7
 Maxwell's Capacitive Co  Air            0%         ∞         100%        8


Dungeon Overview and Level Annotations

Branches:
Dungeon (9/15)             Temple (0/1) D:5           Sewer (visited)
Ossuary (visited)
   Lair: D:8-11         Orc: D:9-12

Altars:
Cheibriados
Elyvilon
Fedhas
Gozag
Kikubaaqudgha
Makhleb
Nemelex Xobeh
Okawaru
Qazlal
Ru
Trog
Uskayaw
Xom
The Shining One

Shops:
D:3 (   D:4 *   D:6 :

Annotations:
D:5 2 transporters


Innate Abilities, Weirdness & Mutations

You have a pair of horns on your head.
You reflexively headbutt those who attack you in melee.


Message History

The steam dragon breathes steam at you. The ball of steam misses you.
The yak closely misses you. You furiously retaliate!
You headbutt the yak.
The centaur shoots an arrow.
The arrow hits you but does no damage.
You impale the steam dragon!!
You kill the steam dragon!
Makhleb accepts your kill.
You feel better.
You feel sick.
The centaur shoots an arrow.
The arrow hits you!
* * * LOW HITPOINT WARNING * * *
The yak barely misses you. You furiously retaliate!
You headbutt the yak!
Your base Maces & Flails skill increases to level 5!
You feel sick.
The centaur shoots an arrow.
The arrow hits you.
* * * LOW HITPOINT WARNING * * *
The howler monkey hoots and howls with incredible vigour!
The centaur shoots an arrow.
The arrow hits you.
* * * LOW HITPOINT WARNING * * *
You hear a bellow!
It was a potion of berserk rage.
A red film seems to cover your vision as you go berserk!
You feel yourself moving faster!
You feel mighty!
You feel sick.
The centaur shoots an arrow.
The arrow hits you.
* * * LOW HITPOINT WARNING * * *
You are too berserk!
You feel a strong urge to attack something.
You feel sick.
The centaur shoots an arrow.
The arrow barely misses you.
The centaur unwields a +0 shortbow.
The centaur barely misses you. The centaur misses you.
You closely miss the centaur. You headbutt the centaur!
The centaur is severely wounded.
You feel sick.
The howler monkey hoots and howls with incredible vigour!
You hear a bellow! x2
You thump the centaur!
You kill the centaur!
Makhleb accepts your kill.
You feel sick.
The howler monkey is engulfed in a cloud of scalding steam.
The yak gores you!
You die...

#c#.##.#..##.# ####
#c#..........# ##..##
#h#..#....#### ##8..8##
#.#.#..#......#
###...>..###.#W####.#.##.#
##...).....##.#h.....#.#
<#
#..##8..8#.##.#........# #
+...##..##....#Y########
#.####........#@#...#.#
#.####.##.....#.#.....#
#.#.....#.....).....#.#
#.#.##..#.#.#.#.#...#.#
#.#.##..#.....#....##.#
#.#..#..#.#.######.##.#
#.#.#####.#........##.#
#.......#.###########.#
###.###.#.............#


You could see a yak, a wraith, a centaur and 2 howler monkeys.

Vanquished Creatures
  Eustachio (D:5)
  4 wyverns
  A steam dragon (D:9)
  2 water moccasins
  3 orc warriors
  An ice beast (D:7)
  3 centaurs
  A phantom (D:6)
  3 elf zombies (Ossuary)
  2 kobold brigands (D:7)
  3 bullfrogs
  A gnoll sergeant (D:9)
  4 scorpions
  A centaur zombie (Ossuary)
  4 orc priests
  4 hounds
  A jelly (D:5)
  Ijyb (D:3)
  4 orc wizards
  5 iguanas
  A hound zombie (Ossuary)
  3 mummies (Ossuary)
  19 adders
  5 river rats
  A shadow imp (D:6)
  6 adder zombies (Ossuary)
  3 worms
  4 dart slugs
  29 orcs
  10 ball pythons
  7 endoplasms
  7 giant cockroaches
  3 gnoll zombies (Ossuary)
  3 goblins
  2 hobgoblins
  7 jackals
  14 kobolds
  3 quokkas
  8 bats
  4 frilled lizards
  2 goblin zombies (Ossuary)
  5 hobgoblin zombies (Ossuary)
  3 jackal zombies (Ossuary)
  A kobold zombie (Ossuary)
  2 orc zombies (Ossuary)
  3 quokka zombies (Ossuary)
  10 rats
  3 rat zombies (Ossuary)
217 creatures vanquished.

Vanquished Creatures (others)
  A centaur (D:9)
1 creature vanquished.

Grand Total: 218 creatures vanquished

Notes
Turn   | Place    | Note
-------+----------+-------------------------------------------
     0 | D:1      | Jynx the Minotaur Fighter began the quest for the Orb.
     0 | D:1      | Reached XP level 1. HP: 19/19 MP: 0/0
   401 | D:1      | Reached skill level 3 in Axes
   574 | D:1      | Reached XP level 2. HP: 27/27 MP: 1/1
   851 | D:2      | Reached XP level 3. HP: 30/33 MP: 2/2
   915 | D:2      | Reached skill level 4 in Axes
   928 | D:2      | Found a faded altar of an unknown god.
  1232 | D:3      | Found Amonif's Weapon Shop.
  1242 | D:3      | Noticed Ijyb
  1259 | D:3      | Killed Ijyb
  1374 | D:3      | Found a sparkling altar of Nemelex Xobeh.
  1390 | D:3      | Reached XP level 4. HP: 41/41 MP: 3/3
  1556 | D:3      | Found a hide-covered altar of Uskayaw.
  1701 | D:3      | Found a glowing golden altar of the Shining One.
  1701 | D:3      | Found a burning altar of Makhleb.
  1704 | D:3      | Became a worshipper of Makhleb the Destroyer
  1862 | D:4      | Found a sand-covered staircase.
  1872 | Ossuary  | Entered an ossuary
  1889 | Ossuary  | Reached skill level 5 in Axes
  1899 | Ossuary  | Reached skill level 5 in Fighting
  1899 | Ossuary  | Reached XP level 5. HP: 28/48 MP: 4/4
  1994 | Ossuary  | Reached skill level 6 in Axes
  2059 | Ossuary  | Reached XP level 6. HP: 48/56 MP: 5/5
  2098 | Ossuary  | Reached * piety under Makhleb
  2189 | Ossuary  | Reached skill level 7 in Axes
  2438 | D:4      | Found Mauhac's Serpentskin Sales.
  2438 | D:4      | Noticed a water moccasin
  2444 | D:4      | Killed a water moccasin
  2445 | D:4      | Reached XP level 7. HP: 41/63 MP: 6/6
  2583 | D:4      | Found a white marble altar of Elyvilon.
  2592 | D:4      | Found an iron altar of Okawaru.
  2880 | D:4      | Reached skill level 8 in Axes
  2883 | D:5      | Entered Level 5 of the Dungeon
  2892 | D:5      | Identified the +2 chain mail of Eternal Night {Int+3}
  2916 | D:5      | Noticed Eustachio
  2935 | D:5      | Killed Eustachio
  3119 | D:5      | Reached skill level 9 in Axes
  3407 | D:5      | Found a transporter.
  3441 | D:5      | Found a transporter.
  3463 | D:5      | Found an opulent altar of Gozag.
  3494 | D:5      | Found a staircase to the Ecumenical Temple.
  3496 | D:5      | Identified the ring "Rinlog Qosma" {rPois rF+ Int+4}
  3509 | D:5      | Reached XP level 8. HP: 73/73 MP: 7/7
  3672 | D:6      | Found a bloodstained altar of Trog.
  3673 | D:6      | Found an ancient bone altar of Kikubaaqudgha.
  3673 | D:6      | Found a stormy altar of Qazlal.
  3687 | D:6      | Found a blossoming altar of Fedhas.
  3687 | D:6      | Found a snail-covered altar of Cheibriados.
  3706 | D:6      | Reached ** piety under Makhleb
  3795 | D:6      | Reached skill level 10 in Axes
  3808 | D:6      | Reached skill level 1 in Invocations
  3829 | D:6      | Found a glowing drain.
  3874 | D:6      | Identified the +0 leather armour "Daegh" {Str+3 Dex+5}
  3882 | Sewer    | Entered a sewer
  4221 | Sewer    | Reached *** piety under Makhleb
  4472 | D:6      | Reached skill level 11 in Axes
  4581 | D:6      | Found Ocualacs's Vocational Training.
  4959 | D:7      | Reached XP level 9. HP: 82/82 MP: 10/10
  5403 | D:7      | Reached skill level 1 in Maces & Flails
  5600 | D:8      | Found a sacrificial altar of Ru.
  5856 | D:8      | Reached **** piety under Makhleb
  6345 | D:9      | Found a shimmering altar of Xom.
  6374 | D:9      | Reached skill level 5 in Maces & Flails
  6376 | D:9      | HP: 6/126 [centaur/arrow (2)]
  6381 | D:9      | Slain by a yak

Illustrated notes

Levels and vault maps discovered:
D:1:      dpeg_arrival_rooms_a, layout_basic, minmay_misc_feat_ornament
D:2:      layout_basic, ebering_ecumenical_altar_box
D:3:      layout_rooms, nicolae_uskayaw_suspiria,
          mainiacjoe_overflow_tiny_flanked, gammafunk_temple_overflow_elements,
          serial_shops, nicolae_shop_just_a_little_nook, uniq_ijyb
D:4:      layout_basic, okawaru_gym_becter, lemuel_crystal_altar,
          enter_ossuary_1, guppyfry_shop_venom
D:5:      gammafunk_steamed_eel, layout_basic, overflow_temple_1_default,
          minmay_temple_entry_statues_fountains, nicolae_half_adder,
          uniq_eustachio
D:6:      layout_rooms, grunt_temple_overflow_open, portal_sewer_entry_a,
          nicolae_shop_vocational
D:7:      layout_gridville
D:8:      layout_basic, old_standard_altar, nrook_pool_corridor
D:9:      layout_basic, mainiacjoe_overflow_alcove_4, xom_confusion_cloud,
          st_stairs_6, minmay_misc_feat_iff, minmay_the_grid_2x2
          [minmay_the_grid_all_tris, minmay_the_grid_box_x,
          minmay_the_grid_tiny_cups,
          minmay_the_grid_prize_four_corners_diamond_b]

Skill      XL: |  1  2  3  4  5  6  7  8  9 |
---------------+----------------------------+-----
Axes           | 3 4 5 6 7 9 11 | 11.7
Fighting       | 4 5 6 7 8 9 |  9.6
Invocations    | 3 4 |  4.8
Maces & Flails | 5 |  5.1
Armour         | 4 |  4.6
Shields        | |  3.6

Action                     |  1- 3 |  4- 6 |  7- 9 || total
---------------------------+-------+-------+-------++-------
  Melee: War axe           |    71 |   149 |   283 ||   503
         Headbutt          |    10 |    19 |    63 ||    92
         Punch             |     1 |     2 |     7 ||    10
         Morningstar       |       |       |    73 ||    73
 Invoke: Minor Destruction |       |       |     1 ||     1
    Use: Potion            |       |       |     4 ||     4
 Armour: Scale mail        |    37 |    84 |     4 ||   125
         Chain mail        |       |       |   215 ||   215
  Dodge: Dodged            |    45 |    63 |   140 ||   248
